 Dungeon Crawl Stone Soup version 0.30-a0-748-ge6a52f7cba (webtiles) character file.

Game seed: 4623875157742378338

30 Esekla the Sneak (level 3, -3/26 HPs)
             Began as an Octopode Delver on Feb 8, 2023.
             Slain by an iguana (9 damage)
             ... on level 5 of the Dungeon.
             The game lasted 00:08:02 (271 turns).

Esekla the Sneak (Octopode Delver)                   Turns: 271, Time: 00:08:02

Health: -3/26      AC:  1    Str: 11    XL:     3   Next: 18%
Magic:  3/3        EV: 13    Int: 14    God:
Gold:   10         SH:  0    Dex: 13    Spells: 3/3 levels left

rFire   . . .      SeeInvis .    a - +0 falchion
rCold   . . .      Faith    .    (no shield)
rNeg    . . .      Spirit   .    (helmet restricted)
rPois   .          Reflect  .    (no amulet)
rElec   .          Harm     .    (no ring)
rCorr   .          Rampage  .    (no ring)
Will    .....                    (no ring)
Stlth   ++++                     (no ring)
HPRegen 0.24/turn                (no ring)
MPRegen 0.08/turn                (no ring)
                                 (no ring)
                                 (no ring)

@: no status effects
A: almost no armour, amphibious, 8 rings, camouflage 1, gelatinous body 1,
(nimble swimmer 1), tentacles
a: no special abilities


You were on level 5 of the Dungeon.
You visited 2 branches of the dungeon, and saw 2 of its levels.

You collected 10 gold pieces.

Inventory:

Hand Weapons
 a - a +0 falchion (weapon)
Missiles
 c - 4 boomerangs (quivered)
Wands
 f - a wand of digging (3)
Scrolls
 b - a scroll of fog
 g - a scroll of vulnerability {unknown}


   Skills:
 * Level 3.2 Fighting
 * Level 2.2 Long Blades
 * Level 2.2 Dodging
 + Level 7.1 Stealth
 * Level 0.6 Spellcasting


You had 3 spell levels left.
You didn't know any spells.
Your spell library was empty.

Dungeon Overview and Level Annotations

Branches:
Dungeon (5/15)             Temple (1/1) D:5

Altars:
Elyvilon
Gozag
Hepliaklqana
Nemelex Xobeh
Ru
Sif Muna
The Shining One


Innate Abilities, Weirdness & Mutations

You cannot wear most types of armour.
You are amphibious.
You can wear up to eight rings at the same time.
Your skin changes colour to match your surroundings (Stealth+).
Your rubbery body absorbs attacks. (AC +1, EV +1)
((You are camouflaged when in or above water. (Stealth+)))
You have tentacles for arms and can constrict up to eight enemies at once.


Message History

You have reached level 2!
You have reached level 3!
Your experience leads to an increase in your attributes!
Increase (S)trength, (I)ntelligence, or (D)exterity?
You feel clever. x2
You see here a hound corpse.
Your extra speed is starting to run out.
You feel yourself slow down.
An iguana comes into view.
The iguana hisses angrily.
Throw: 4 boomerangs
Press: ? - help, Q - select action Shift-Dir - straight line, f - iguana
Aim: an iguana (61% to hit)
You throw a boomerang. The boomerang hits the iguana.
The iguana is lightly wounded.
You hit the iguana but do no damage. You grab the iguana.
The iguana is lightly wounded.
You constrict the iguana, but do no damage.
The iguana bites you.
You hit the iguana.
The iguana is lightly wounded.
You constrict the iguana, but do no damage.
The iguana bites you.
You hit the iguana but do no damage. You squeeze the iguana.
The iguana is moderately wounded.
You constrict the iguana. The iguana misses you.
You hit the iguana but do no damage.
You squeeze the iguana, but do no damage.
The iguana is moderately wounded.
You constrict the iguana, but do no damage.
The iguana bites you.
You hit the iguana but do no damage. You tentacle-slap the iguana.
The iguana is heavily wounded.
You constrict the iguana. The iguana bites you!
* * * LOW HITPOINT WARNING * * *
The iguana misses you.
You hit the iguana.
The iguana is severely wounded.
You constrict the iguana. The iguana bites you!
You die...

,,,,*,,* ##..#..........#
*,,*,*** #...##.######.##
,,*,******...#.........#
,*,,,,*,*#,..#..########*
,,,***,**#.#.#.........,*
,,,,,*** #.#.#.l####.##**
,,*,*,***#......# *,*
*,,*,***,#.#.#######.#
,*,,**,,**,#...l@....#
,,,,,,****,###########
,,*,******,***
,**,,,,,,,,,>*
,**,********** ,,,,,,,,*
*,,****,* *,,* *,*
*,,****,*********


You could see an iguana.

Vanquished Creatures
  A hound (D:5)
1 creature vanquished.

Notes
Turn   | Place    | Note
-------+----------+-------------------------------------------
     0 | D:5      | Esekla the Octopode Delver began the quest for the Orb.
     0 | D:5      | Reached XP level 1. HP: 16/16 MP: 1/1
    21 | D:5      | Found a sacrificial altar of Ru.
    43 | D:5      | Found a shimmering blue altar of Sif Muna.
    61 | D:5      | Found a sparkling altar of Nemelex Xobeh.
    83 | D:5      | Noticed an orc wizard
    89 | D:5      | Found a staircase to the Ecumenical Temple.
    90 | D:5      | Noticed a hound
    91 | D:5      | Noticed an orc wizard
    95 | Temple   | Entered the Ecumenical Temple
   114 | D:5      | Noticed an orc wizard
   115 | D:5      | Noticed an orc wizard
   144 | D:5      | Noticed a jelly
   149 | D:5      | Killed a hound
   150 | D:5      | Reached skill level 7 in Stealth
   150 | D:5      | Reached XP level 2. HP: 21/21 MP: 2/2
   150 | D:5      | Reached XP level 3. HP: 26/26 MP: 3/3
   271 | D:5      | Slain by an iguana

Illustrated notes

Levels and vault maps discovered:
D:5:      layout_basic, lemuel_crystal_altar, general_overflow_altar,
          mainiacjoe_overflow_surrounded_room, nicolae_wu_jian_wuxing_cycle,
          minmay_temple_entry_ruins, minmay_increasing_density
Temple:   hc_temple_tempest_star

Skill      XL: |  1 |
---------------+----+-----
Stealth        | 7 |  7.1
Fighting       | |  3.2
Long Blades    | |  2.2
Dodging        | |  2.2
Spellcasting   | |  0.6

Action                     || total
---------------------------++-------
  Melee: Falchion          ||    10
         Tentacles         ||     4
         Constrict         ||     2
         Punch             ||     1
  Throw: Boomerang         ||     1
    Use: Scroll            ||     2
         Potion            ||     1
  Dodge: Dodged            ||     6

Table legend: (Time is in decaauts)
 A = Elapsed time spent in this place.
 B = Non-inter-level travel time spent in this place.
 C = Inter-level travel time spent in this place.
 D = Time resting spent in this place.
 E = Time spent auto-exploring this place.
 F = Levels seen in this place.
 G = Mean time per level.
                   A        B        C        D        E       F      G
               +--------+--------+--------+--------+--------+-----+--------+
         Total |    253 |    253 |      0 |      0 |      9 |   2 |  126.5 |
       Dungeon |    235 |    235 |      0 |      0 |      0 |   1 |  235.0 |
        Temple |     18 |     18 |      0 |      0 |      9 |   1 |   18.0 |
               +--------+--------+--------+--------+--------+-----+--------+

Top non-repeatable levels by time:
     D:5: 235 daAuts
  Temple: 18 daAuts
